 Dungeon Crawl Stone Soup version 0.20.2-3-g29329e0561 (webtiles) character file.

1320 Alfie the Cutter (level 8, -4/68 HPs)
             Began as a Hill Orc Fighter on Sept 13, 2023.
             Slain by Menkaure (19 damage)
             ... on level 6 of the Dungeon.
             The game lasted 00:10:00 (3644 turns).

Alfie the Cutter (Hill Orc Fighter)                 Turns: 3644, Time: 00:10:00

Health: -4/68      AC:  7    Str: 21    XL:     8   Next: 59%
Magic:  8/8        EV:  8    Int:  8    God:
Gold:   194        SH: 10    Dex: 10    Spells: 7/7 levels left

rFire    . . .     SeeInvis .   a - +0 rapier
rCold    . . .     Gourm    .   c - +0 shield
rNeg     . . .     Faith    .   b - +0 scale mail
rPois    .         Spirit   .   (no helmet)
rElec    .         Reflect  .   (no cloak)
rCorr    .         Harm     .   (no gloves)
MR       .....                  (no boots)
Stlth    +.........             (no amulet)
Regen    0.3/turn               k - ring of stealth
MPRegen  0.2/turn               (no ring)

@: no status effects
A: no striking features
a: no special abilities


You were on level 6 of the Dungeon.
You were not hungry.

You visited 1 branch of the dungeon, and saw 6 of its levels.

You collected 194 gold pieces.

Inventory:

Hand Weapons
 a - a +0 rapier (weapon)
Missiles
 h - 4 tomahawks (quivered)
Armour
 b - a +0 scale mail (worn)
 c - a +0 shield (worn)
Jewellery
 k - a ring of stealth (left hand)
 p - an uncursed ring of fire
Wands
 i - a wand of polymorph (21/24)
Scrolls
 e - 5 scrolls of teleportation
 l - a scroll of recharging
 m - a scroll of random uselessness {unknown}
 n - 3 scrolls of remove curse
 r - a scroll of fog {unknown}
 u - a scroll of blinking {unknown}
Potions
 d - a potion of haste {unknown}
 g - 4 potions of curing
 j - a potion of agility {unknown}
 o - 2 potions of mutation {unknown}
 s - a potion of brilliance {unknown}
 t - a potion of degeneration {unknown}
Comestibles
 f - 8 bread rations


   Skills:
 + Level 5.3 Fighting
 + Level 6.6 Short Blades
 + Level 1.2 Throwing
 + Level 5.9 Armour
 + Level 1.6 Dodging
 + Level 6.0 Shields


You had 7 spell levels left.
You didn't know any spells.

Dungeon Overview and Level Annotations

Branches:
Dungeon (6/15)             Temple (0/1) D:5

Altars:
Ashenzari
Dithmenos
Nemelex Xobeh
Sif Muna
Vehumet
Zin

Annotations:
D:6 Menkaure


Message History

You kill the centaur!
Your Shields skill increases to level 6!
Things that are here:
an uncursed shortbow; 10 arrows; a centaur corpse You see here 2 arrows.
You see here an arrow.
You see here an arrow.
You see here an arrow.
You see here an arrow.
You now have 194 gold pieces (gained 8).
You see here an arrow.
Menkaure, Prince of Dust comes into view.
Menkaure calls on the powers of darkness!
Your body is wracked with pain!
Menkaure calls on the powers of darkness!
Your body is wracked with pain!
* * * LOW HITPOINT WARNING * * *
Found a blackened platinum amulet.
Menkaure hits you!!
You die...

. # #.... #.
...... #.###
#.... ...#
##..... ###
#.####.#..". ....
#.M@.)...# #
#..###.####.#.#.#
#>.....#####.).##
#.##.<((((((....#
##########.#.#
#..... ###.### .#
#


You could see Menkaure.

Vanquished Creatures
  The ghost of Alfie the Cutter, an amateur HOFi (D:3)
  Grinder (D:3)
  Sigmund (D:4)
  Edmund (D:4)
  A centaur (D:6)
  2 ogres (D:4)
  A crimson imp (D:5)
  An orc priest (D:3)
  A hound (D:5)
  A centaur skeleton (D:4)
  Jessica (D:2)
  2 orc wizards
  3 worker ants
  A hound zombie (D:5)
  3 adders
  A howler monkey skeleton (D:4)
  2 adder skeletons (D:2)
  2 adder zombies (D:2)
  A dart slug (D:2)
  2 leopard geckos
  6 orcs
  5 bats
  2 bat skeletons (D:2)
  3 bat zombies (D:2)
  3 goblins
  9 hobgoblins
  5 jackals
  11 kobolds
  A ball python (D:1)
  5 frilled lizards
  3 leopard gecko skeletons (D:2)
  A quokka skeleton (D:5)
  7 rats
90 creatures vanquished.

Notes
Turn   | Place    | Note
-------+----------+-------------------------------------------
     0 | D:1      | Alfie the Hill Orc Fighter began the quest for the Orb.
     0 | D:1      | Reached XP level 1. HP: 19/19 MP: 1/1
   141 | D:1      | Reached XP level 2. HP: 19/27 MP: 2/2
   557 | D:2      | Reached XP level 3. HP: 28/33 MP: 3/3
   566 | D:2      | Found a shattered altar of Ashenzari.
   875 | D:2      | Noticed Jessica
   892 | D:2      | Killed Jessica
   892 | D:2      | Reached XP level 4. HP: 35/40 MP: 4/4
  1287 | D:3      | Found a faded altar of an unknown god.
  1293 | D:3      | Found a sparkling altar of Nemelex Xobeh.
  1325 | D:3      | Reached XP level 5. HP: 40/46 MP: 5/5
  1568 | D:3      | Noticed Alfie's ghost (amateur HOFi)
  1587 | D:3      | Killed Alfie's ghost
  1587 | D:3      | Reached skill level 1 in Dodging
  1587 | D:3      | Reached skill level 5 in Shields
  1587 | D:3      | Reached XP level 6. HP: 43/52 MP: 6/6
  1705 | D:3      | Noticed Grinder
  1720 | D:3      | Killed Grinder
  1720 | D:3      | Reached XP level 7. HP: 32/60 MP: 7/7
  1736 | D:3      | Found a glowing silver altar of Zin.
  1739 | D:3      | Found a shadowy altar of Dithmenos.
  1742 | D:3      | Found a deep blue altar of Sif Muna.
  1941 | D:3      | Reached skill level 5 in Armour
  1955 | D:3      | Reached skill level 5 in Short Blades
  2111 | D:4      | Noticed Sigmund
  2129 | D:4      | Killed Sigmund
  2181 | D:4      | Noticed Edmund
  2205 | D:4      | Killed Edmund
  2205 | D:4      | Reached XP level 8. HP: 29/67 MP: 8/8
  2334 | D:4      | Reached skill level 5 in Fighting
  2690 | D:4      | Found a radiant altar of Vehumet.
  2923 | D:5      | Entered Level 5 of the Dungeon
  3018 | D:5      | Found a staircase to the Ecumenical Temple.
  3406 | D:5      | Reached skill level 1 in Throwing
  3638 | D:6      | Noticed Menkaure
  3644 | D:6      | Slain by Menkaure

Skill      XL: |  1  2  3  4  5  6  7  8 |
---------------+-------------------------+-----
Shields        | 4 5 6 |  6.0
Short Blades   | 3 4 5 6 |  6.6
Fighting       | 4 5 |  5.3
Armour         | 4 5 |  5.9
Dodging        | 1 |  1.6
Throwing       | 1 |  1.2

Action                   |  1- 3 |  4- 6 |  7- 9 || total
-------------------------+-------+-------+-------++-------
Melee: Rapier            |   153 |    93 |   210 ||   456
Throw: Tomahawk          |       |       |    18 ||    18
  Use: Scroll            |     2 |       |     5 ||     7
       Potion            |       |     1 |     2 ||     3
  Eat: Royal jelly       |       |     1 |     2 ||     3
       Bread ration      |       |     1 |       ||     1
Armor: Scale mail        |    78 |    78 |    50 ||   206
Dodge: Dodged            |    47 |    55 |    39 ||   141
Block: Shield            |   101 |    63 |    70 ||   234
